 Dungeon Crawl Stone Soup version 0.31-a0-981-geadf994542 (webtiles) character file.

Game seed: 7631038258444550063

6473 promet the Carver (level 11, -4/87 HPs)
             Began as a Merfolk Fighter on Nov 1, 2023.
             Was a Priest of Wu Jian.
             Slain by an ice devil (21 damage)
             ... on level 11 of the Dungeon.
             The game lasted 01:14:13 (15259 turns).

promet the Carver (Merfolk Fighter)                Turns: 15259, Time: 01:14:13

Health: -4/87      AC: 12    Str: 19    XL:     11   Next: 0%
Magic:  11/11      EV: 19    Int:  9    God:    Wu Jian [***...]
Gold:   314        SH:  5    Dex: 14    Spells: 8/10 levels left

rFire   . . .        G - +1 broad axe (flame)
rCold   . . .        q - +0 buckler
rNeg    . . .        k - +2 chain mail "Tiupt" {rElec}
rPois   +            y - +1 hat of Lecweiss {rF+}
rElec   +            (no cloak)
rCorr   .            (no gloves)
SInv    .            (no boots)
Will    +....        (no amulet) Stlth
                     o - +5 ring of evasion
HPRegen 0.34/turn    r - +5 ring of evasion
MPRegen 0.12/turn

%: no passive effects
@: about to teleport
A: (nimble swimmer 2), mertail, strong-willed 1, poison resistance, heat
vulnerability 1
a: Renounce Religion, Wall Jump, Serpent's Lash


You were on level 11 of the Dungeon.
You worshipped Wu Jian.
Wu Jian was most pleased with you.
You visited 1 branch of the dungeon, and saw 11 of its levels.
You also visited: Ossuary.

You collected 476 gold pieces.
You spent 162 gold pieces at shops.

Inventory:

Hand Weapons
 a - the +10 long sword "Wasuil" {elec, Stlth+}
   (You found it on level 6 of the Dungeon)

   Stlth+:    It makes you more stealthy.
 b - a +0 sling
 c - the +8 dagger "Ezemego" {antimagic, Stlth+}
   (You took it off an orc warrior on level 9 of the Dungeon)

   Stlth+:    It makes you more stealthy.
 d - a +6 spear of flaming
 i - a +6 antimagic whip
 w - a +0 trident
 x - a +3 flail
 G - a +1 broad axe of flaming (weapon)
 I - a +5 falchion
 J - a +0 dire flail
 K - a +2 war axe of freezing
Missiles
 g - 6 curare-tipped darts
 l - 47 poisoned darts
 m - 87 stones (quivered)
 H - 3 throwing nets
Armour
 j - +0 swamp dragon scales
 k - the +2 chain mail "Tiupt" (worn) {rElec}
   (You found it on level 7 of the Dungeon)

   rElec:     It insulates you from electricity.
 q - a +0 buckler (worn)
 y - the +1 hat of Lecweiss (worn) {rF+}
   (You found it on level 6 of the Dungeon)

   rF+:       It protects you from fire.
 Q - a +3 ring mail
Magical Staves
 v - a staff of death
Jewellery
 o - a +5 ring of evasion (left hand)
 r - a +5 ring of evasion (right hand)
Wands
 p - a wand of polymorph (6)
 M - a wand of paralysis (4)
 O - a wand of light (5)
Scrolls
 f - a scroll of vulnerability
 t - a scroll of immolation
 B - a scroll of enchant armour {unknown}
 C - 7 scrolls of teleportation
 D - 2 scrolls of blinking
 E - 2 scrolls of poison
 F - a scroll of noise
 L - a scroll of acquirement {unknown}
Potions
 e - 3 potions of might
 h - a potion of enlightenment
 n - 6 potions of curing
 s - 5 potions of lignification
 u - a potion of resistance
 z - a potion of magic {unknown}
 A - a potion of attraction
 N - a potion of brilliance
 P - a potion of heal wounds


   Skills:
 * Level 8.4 Fighting
 * Level 9.6 Long Blades
 + Level 0.2(3.0) Axes
 + Level 0.6(0.7) Maces & Flails
 + Level 7.6 Polearms
 + Level 4.6 Ranged Weapons
 + Level 4.8 Armour
 + Level 5.0 Dodging
 + Level 2.5 Stealth
 + Level 5.2 Shields
 * Level 2.9 Translocations


You had 8 spell levels left.
You knew the following spells:

 Your Spells              Type           Power      Damage    Failure   Level
a - Blink                 Tloc           10%        N/A       87%         2

Your spell library contained the following spells:

 Spells                   Type           Power      Damage    Failure   Level
 Necrotise                Necr           0%         1d4       98%         1
 Hailstorm                Conj/Ice       0%         3d3       100%        3
 Vampiric Draining        Necr           0%         2d6       100%        3
 Manifold Assault         Tloc           5%         N/A       100%        4
 Summon Ice Beast         Ice/Summ       0%         N/A       100%        4
 Agony                    Necr           0%         N/A       100%        5
 Alistair's Intoxication  Tmut/Pois      0%         N/A       100%        5
 Irradiate                Conj/Tmut      0%         3d11      100%        5
 Simulacrum               Ice/Necr       0%         N/A       100%        6
 Borgnjor's Revivificati  Necr           0%         N/A       100%        8


Dungeon Overview and Level Annotations

Branches:
Dungeon (11/15)            Temple (0/1) D:6             Orc (0/2) D:10
Ossuary (visited)
   Lair: D:8-11

Altars:
Fedhas
Nemelex Xobeh
Wu Jian
Xom
Yredelemnul
The Shining One

Shops:
D:9 ?   D:10 :

Annotations:
D:5 1 runed translucent door, Crazy Yiuf
D:6 2 transporters, LobsterGuardian's ghost, novice KoGl


Innate Abilities, Weirdness & Mutations

((You are very nimble when in or above water. (Stealth+, EV+, Speed+++)))
Your lower body shifts to a powerful aquatic tail in water.
You are strong-willed. (Will+)
Your system is resistant to poisons. (rPois)
You are vulnerable to heat. (rF-)


Message History

You hear the crackling of a melting archway nearby.
You continue putting on the +2 chain mail "Tiupt" {rElec}. x3
You finish putting on the +2 chain mail "Tiupt" {rElec}.
You open the door.
An ice devil comes into view.
You shoot a sling bullet.
The sling bullet hits the ice devil but does no damage.
An ice devil comes into view.
The ice devil moves out of view.
You shoot a sling bullet.
The sling bullet hits the ice devil but does no damage.
You shoot a sling bullet.
The sling bullet closely misses the ice devil.
The ice devil hits you but does no damage.
Your +1 broad axe of flaming bursts into flame!
G - a +1 broad axe of flaming (weapon)
You closely miss the ice devil.
The ice devil hits you but does no damage.
The ice devil hits you! The ice devil freezes you!
You closely miss the ice devil.
The ice devil hits you but does no damage.
You hit the ice devil. You burn the ice devil.
The ice devil is lightly wounded.
The ice devil misses you. You block the ice devil's attack.
You closely miss the ice devil.
The ice devil is lightly wounded.
The ice devil hits you but does no damage.
You hit the ice devil. You burn the ice devil.
The ice devil is moderately wounded.
You hear the steady crackling of a melting archway very nearby.
The ice devil closely misses you. The ice devil hits you!
The ice devil freezes you!!
As you read the scroll of teleportation, it crumbles to dust.
You feel strangely unstable. The ice devil hits you. The ice devil freezes you!
* * * LOW HITPOINT WARNING * * *
The ice devil attacks as it pursues you!
The ice devil hits you.
* * * LOW HITPOINT WARNING * * *
The ice devil freezes you!!
You die...

###.###........#
#....<.........#
#.#.....#.######
....>....#.#
#############.#
#.............#
#.######~~~##.#
#.#####≈≈≈≈≈###
#....@.#≈≈≈##
#.....##.#4##≈##
#.#.####+#'####
#. .4# # #.## #.
.. .. ...


You could see 2 ice devils.

Vanquished Creatures
  Maggie (D:6)
  An efreet (D:9)
  A hornet (D:10)
  A troll (D:7)
  A dream sheep (D:8)
  A shadow (D:10)
  4 yaks (D:9)
  A wraith (D:9)
  A steam dragon (D:8)
  2 water moccasins
  3 ice beasts
  An orc warrior (D:9)
  2 ogres
  3 centaurs
  A kobold brigand (D:9)
  4 bullfrogs
  An elf zombie (Ossuary)
  3 gnoll sergeants
  4 scorpions
  11 wights
  14 killer bees
  7 howler monkeys
  2 electric eels (D:11)
  2 hounds (D:5)
  5 orc priests
  4 jellies
  A gnoll bouda (D:8)
  2 iguanas (D:5)
  2 sleepcaps
  An orc wizard (D:9)
  Natasha (thrice) (D:4)
  2 hound zombies (Ossuary)
  3 mummies (Ossuary)
  14 gnolls
  9 adders
  A shadow imp (D:5)
  4 adder zombies (Ossuary)
  A worm (D:2)
  2 dart slugs (D:1)
  9 orcs
  5 bats
  17 endoplasms
  3 giant cockroaches
  3 gnoll zombies (Ossuary)
  5 goblins
  11 hobgoblins
  17 jackals
  A quokka (D:1)
  5 ball pythons
  3 frilled lizards
  5 goblin zombies (Ossuary)
  2 hobgoblin zombies (Ossuary)
  2 jackal zombies (Ossuary)
  17 kobolds
  3 kobold zombies (Ossuary)
  3 orc zombies (Ossuary)
  5 quokka zombies (Ossuary)
  8 rats
  4 rat zombies (Ossuary)
254 creatures vanquished.

Notes
Turn   | Place    | Note
-------+----------+-------------------------------------------
     0 | D:1      | promet the Merfolk Fighter began the quest for the Orb.
     0 | D:1      | Reached XP level 1. HP: 18/18 MP: 1/1
   290 | D:1      | Reached XP level 2. HP: 24/24 MP: 2/2
   828 | D:1      | Reached XP level 3. HP: 26/29 MP: 3/3
   830 | D:1      | Found a faded altar of an unknown god.
  1449 | D:2      | Reached skill level 1 in Ranged Weapons
  1460 | D:2      | Reached XP level 4. HP: 31/37 MP: 4/4
  1563 | D:2      | Identified the +1 spear of Miepselocu {freeze, Contam rCorr
                  | MP+9}
  2975 | D:3      | Gained mutation: Your system is resistant to poisons.
                  | (rPois) [mutagenic glow]
  3077 | D:3      | Reached XP level 5. HP: 41/42 MP: 5/5
  3665 | D:3      | Reached skill level 1 in Dodging
  3707 | D:3      | Reached XP level 6. HP: 39/48 MP: 6/6
  3769 | D:3      | Found a blossoming altar of Fedhas.
  3769 | D:3      | Found a sparkling altar of Nemelex Xobeh.
  3769 | D:3      | Found a shimmering altar of Xom.
  3769 | D:3      | Found a basalt altar of Yredelemnul.
  3769 | D:3      | Found a glowing golden altar of the Shining One.
  3769 | D:3      | Found an ornate altar of the Wu Jian Council.
  3773 | D:3      | Gained mutation: You are vulnerable to heat. (rF-)
                  | [mutagenic glow]
  3781 | D:3      | Became a worshipper of the Wu Jian Council
  4084 | D:4      | Reached skill level 5 in Polearms
  4269 | D:4      | Noticed Natasha
  4285 | D:4      | Killed Natasha
  4398 | D:4      | Noticed Natasha
  4415 | D:4      | Killed Natasha
  4420 | D:4      | Noticed Natasha
  4427 | D:4      | Killed Natasha
  4743 | D:4      | Reached * piety under Wu Jian
  4858 | D:5      | Entered Level 5 of the Dungeon
  4960 | D:5      | Reached XP level 7. HP: 55/55 MP: 7/7
  5410 | D:5      | Reached skill level 5 in Fighting
  6292 | D:5      | Reached XP level 8. HP: 63/63 MP: 8/8
  6545 | D:5      | Found a runed translucent door.
  6546 | D:5      | Noticed Crazy Yiuf
  7386 | D:6      | Found a transporter.
  7386 | D:6      | Noticed LobsterGuardian's ghost (novice KoGl)
  7400 | D:6      | Identified the +10 long sword "Wasuil" {elec, Stlth+}
  7406 | D:6      | Found a transporter.
  7489 | D:6      | Gained mutation: You are strong-willed. (Will+) [mutagenic
                  | glow]
  7676 | D:6      | Found a staircase to the Ecumenical Temple.
  7706 | D:6      | Identified the +1 hat of Lecweiss {rF+}
  7713 | D:6      | Found a sand-covered staircase.
  7722 | Ossuary  | Entered an ossuary
  7965 | Ossuary  | Reached skill level 1 in Long Blades
  8135 | Ossuary  | Reached ** piety under Wu Jian
  8517 | D:6      | Identified the +2 dagger of Intuition {heavy, Int+2}
  8646 | D:7      | Noticed Maggie
  8681 | D:6      | Killed Maggie
  8682 | D:6      | Reached skill level 4 in Long Blades
  8682 | D:6      | Reached XP level 9. HP: 29/71 MP: 3/9
  8903 | D:7      | Learned a level 2 spell: Blink
  8952 | D:7      | Reached skill level 5 in Long Blades
  9082 | D:7      | Noticed a troll
  9107 | D:7      | Killed a troll
  9108 | D:7      | Reached skill level 1 in Stealth
  9376 | D:7      | Identified the +0 leather armour of Tender Moments {Stlth+}
  9666 | D:7      | Reached skill level 6 in Long Blades
  9713 | D:7      | Identified the +2 chain mail "Tiupt" {rElec}
  9759 | D:7      | Reached skill level 1 in Translocations
 10183 | D:8      | Identified the "Datachy"
 10454 | D:8      | Reached skill level 7 in Long Blades
 11544 | D:9      | Noticed an efreet
 11588 | D:9      | Reached skill level 5 in Shields
 11593 | D:9      | Reached XP level 10. HP: 69/79 MP: 10/10
 11924 | D:9      | Identified the +8 dagger "Ezemego" {antimagic, Stlth+}
 12240 | D:9      | Reached *** piety under Wu Jian
 12241 | D:9      | Reached skill level 8 in Long Blades
 12657 | D:9      | Found a shimmering altar of Xom.
 12704 | D:9      | Reached skill level 5 in Dodging
 13008 | D:9      | Found Ruviu's Magic Scroll Shoppe.
 13016 | D:9      | Bought a scroll of teleportation for 36 gold pieces
 13016 | D:9      | Bought a scroll of enchant weapon for 90 gold pieces
 13016 | D:9      | Bought a scroll of teleportation for 36 gold pieces
 13114 | D:9      | Found a glowing golden altar of the Shining One.
 13749 | D:10     | Entered Level 10 of the Dungeon
 13781 | D:10     | Reached skill level 9 in Long Blades
 14228 | D:10     | Found a blossoming altar of Fedhas.
 14454 | D:10     | Found Geanwiarch's Book Boutique.
 14562 | D:10     | Found a staircase to the Orcish Mines.
 15014 | D:11     | Noticed a two-headed ogre
 15157 | D:11     | Reached XP level 11. HP: 83/87 MP: 11/11
 15259 | D:11     | Slain by an ice devil

Illustrated notes

Levels and vault maps discovered:
D:1:      dpeg_arrival_shelter, layout_loops_cross,
          ebering_ecumenical_altar_mist, reono_crystal_passage,
          kennysheep_decorative_pillar
D:2:      wad_woods_pond, layout_loops_ring, kennysheep_donut,
          nicolae_half_adder
D:3:      cheibrodos_fertilizer, layout_rooms
D:4:      layout_cave_pools, uniq_natasha
D:5:      layout_layer_cave, uniq_crazy_yiuf_cottage
D:6:      layout_loops_ring, minmay_temple_entry_stoned_glass,
          chequers_ossuary_entry_cave, gammafunk_ghost_stat_death
D:7:      layout_layer_cave, st_stairs_14, hex_large, minmay_fountain_box,
          uniq_maggie
D:8:      layout_basic, dreamdust_gnoll_shepherd
D:9:      layout_loops_ring, mainiacjoe_overflow_cross_hatched, serial_glass,
          glass_columns_c, glass_columns_b, glass_columns_c, glass_columns_a,
          glass_columns_a, glass_columns_b, glass_columns_b, glass_columns_b,
          serial_shops, shop, minmay_ruined_shrine
D:10:     layout_loops_ring, fedhas_altar_2, orc_0_dummy, serial_shops, shop,
          minmay_misc_feat_nine_boxes
D:11:     layout_basic, erik_lair_island, portal_ice_cave_demonic_guard

Skill      XL: |  1  2  3  4  5  6  7  8  9 10 |
---------------+-------------------------------+-----
Polearms       | 3 4 5 6 7 |  7.6
Ranged Weapons | 1 2 3 4 |  4.6
Dodging        | 1 2 4 5 |  5.0
Fighting       | 4 5 6 7 8 |  8.4
Armour         | 3 4 |  4.8
Shields        | 4 5 |  5.2
Long Blades    | 4 7 9 |  9.6
Stealth        | 1 2 |  2.5
Translocations | 1 2 |  2.9
Axes           | |  0.2
Maces & Flails | |  0.6

Action                     |  1- 3 |  4- 6 |  7- 9 | 10-12 || total
---------------------------+-------+-------+-------+-------++-------
  Melee: Trident           |    85 |   123 |   128 |       ||   336
         Tailslap          |     2 |       |       |     1 ||     3
         Spear             |       |   110 |     3 |    10 ||   123
         Unarmed           |       |     3 |       |       ||     3
         Long sword        |       |       |   140 |   144 ||   284
         Whip              |       |       |    10 |       ||    10
         Dagger            |       |       |    11 |     1 ||    12
         Staff             |       |       |     6 |       ||     6
         Broad axe         |       |       |     5 |     5 ||    10
   Fire: Sling             |    20 |    29 |   134 |    48 ||   231
  Throw: Stone             |       |       |     3 |       ||     3
Ability: Lunge             |       |     2 |     9 |    12 ||    23
         Whirlwind         |       |       |     8 |     5 ||    13
         Wall Jump         |       |       |     2 |       ||     2
    Use: Scroll            |     3 |     5 |     4 |     6 ||    18
         Potion            |       |     3 |     2 |     1 ||     6
   Stab: Distracted        |       |     1 |       |     2 ||     3
         Sleeping          |       |       |       |     2 ||     2
 Armour: Scale mail        |    52 |   131 |    55 |       ||   238
         Swamp dragon scal |       |       |    34 |    53 ||    87
         Chain mail        |       |       |       |     8 ||     8
  Dodge: Dodged            |    40 |   178 |   264 |   117 ||   599
  Block: Buckler           |    23 |    67 |    70 |    29 ||   189

Table legend: (Time is in decaauts)
 A = Elapsed time spent in this place.
 B = Non-inter-level travel time spent in this place.
 C = Inter-level travel time spent in this place.
 D = Time resting spent in this place.
 E = Time spent auto-exploring this place.
 F = Levels seen in this place.
 G = Mean time per level.
                   A        B        C        D        E       F      G
               +--------+--------+--------+--------+--------+-----+--------+
         Total |  15370 |  15091 |    279 |   4458 |   3476 |  12 | 1280.8 |
       Dungeon |  14629 |  14350 |    279 |   4343 |   3476 |  11 | 1329.9 |
       Ossuary |    740 |    740 |      0 |    115 |      0 |   1 |  740.0 |
               +--------+--------+--------+--------+--------+-----+--------+

Top non-repeatable levels by time:
     D:5: 2202 daAuts
     D:8: 2045 daAuts
     D:2: 1719 daAuts
     D:9: 1527 daAuts
     D:7: 1408 daAuts
     D:1: 1273 daAuts
    D:10: 1262 daAuts
     D:3: 1140 daAuts
     D:6: 1049 daAuts
     D:4: 759 daAuts
 Ossuary: 740 daAuts
    D:11: 242 daAuts
